 Dungeon Crawl Stone Soup version 0.25.1-2-g60ff931df9 (webtiles) character file.

Game seed: 16007179995839386362

2351 hehateme the Basher (level 9, -1/92 HPs)
             Began as an Ogre Berserker on Nov 7, 2020.
             Was an Elder of Trog.
             Slain by a white ugly thing (17 damage)
             ... on level 6 of the Dungeon.
             The game lasted 00:15:44 (9990 turns).

hehateme the Basher (Ogre Berserker)                Turns: 9990, Time: 00:15:45

Health: -1/92      AC:  5    Str: 26    XL:     9   Next: 43%
Magic:  9/9        EV: 11    Int:  8    God:    Trog [****..]
Gold:   46         SH:  0    Dex:  8    Spells: 8/8 levels left

rFire    . . .     SeeInvis .   f - +0 giant spiked club
rCold    . . .     Gourm    .   (shield currently unavailable)
rNeg     . . .     Faith    .   m - +1 robe
rPois    +         Spirit   .   (helmet restricted)
rElec    .         Reflect  .   u - +0 cloak
rCorr    .         Harm     .   (gloves unavailable)
MR       .....                  (boots unavailable)
Stlth    +.........             p - amulet of magic regeneration
HPRegen  0.25/turn              y - ring of poison resistance
MPRegen  0.36/turn              (no ring)

@: no status effects
A: large, unfitting armour, tough skin 1
a: Berserk, Trog's Hand, Brothers in Arms, Renounce Religion


You were on level 6 of the Dungeon.
You worshipped Trog.
Trog was greatly pleased with you.
You were not hungry.

You visited 1 branch of the dungeon, and saw 7 of its levels.

You collected 266 gold pieces.
You spent 220 gold pieces at shops.

Inventory:

Hand Weapons
 a - a +1 hand axe
 f - a +0 giant spiked club (weapon)
Armour
 b - a +0 animal skin
 m - a +1 robe (worn)
 u - a +0 cloak (worn)
Jewellery
 p - an amulet of magic regeneration (around neck)
 q - a -4 ring of intelligence
 y - a ring of poison resistance (left hand)
Wands
 h - a wand of enslavement (8)
 j - a wand of paralysis (7)
 n - a wand of flame (19)
 v - a wand of random effects (8)
 w - a wand of disintegration (9)
Scrolls
 d - a scroll of amnesia
 l - 3 scrolls of remove curse
 t - a scroll of identify
 A - a scroll of random uselessness {unknown}
Potions
 e - 3 potions of curing
 g - a potion of cancellation {unknown}
 i - 2 potions of stabbing
 k - a potion of might
 o - 2 potions of lignification
 r - a potion of flight
 s - a potion of berserk rage {unknown}
 x - 2 potions of degeneration {unknown}
 z - a potion of mutation {unknown}
Comestibles
 c - 12 rations


   Skills:
 - Level 6.8 Fighting
 - Level 6.6(8.8) Axes
 * Level 8.1(9.0) Maces & Flails
 - Level 4.6 Dodging
 - Level 1.0 Stealth


You had 8 spell levels left.
You didn't know any spells.
Your spell library was empty.

Dungeon Overview and Level Annotations

Branches:
Dungeon (7/15)
 Temple: D:4-7

Altars:
Dithmenos
Fedhas
Gozag
Nemelex Xobeh
Okawaru
Trog
Vehumet
Xom
The Shining One

Shops:
D:6 =


Innate Abilities, Weirdness & Mutations

You are too large for most types of armour.
You have tough skin. (AC +1)


Message History

The white ugly thing headbutts you! The white ugly thing freezes you!
The gnoll hits you but does no damage.
The centaur unwields a +0 shortbow.
The centaur hits you.
You climb upwards.
There is a stone staircase leading down, spattered with blood here.
Unknown command.
Okay, then.
Okay, then.
You closely miss the gnoll. The hungry ghost barely misses you.
The white ugly thing closely misses you.
The gnoll hits you but does no damage. The hungry ghost barely misses you.
You bludgeon the gnoll!!
You kill the gnoll!
Trog accepts your kill. The white ugly thing headbutts you!
The white ugly thing freezes you!
* * * LOW HITPOINT WARNING * * *
The hungry ghost barely misses you. The white ugly thing headbutts you.
* * * LOW HITPOINT WARNING * * *
The white ugly thing freezes you!
You die...

........#.###.############ ####
#.##....#................# #.
#.##....####....########.########
#.##............# #.##.....#
#.##...#####....### #.......##
#.##..............# #.......#
#.##...##.........# #.......#
#.#..).....>....u.# #.......##
#.#)...##.......@)######.........
#.#.....#......).W#......##.####.
#.#<).#.#.........#.#######.# #.
#.......#.........#.#######.# #.
#.......#.........#.#.....#.####.
#.......#####.###)#.#.###.#...(.#
#.......# #.#.........#.#.....#
........#####.#.#.....#.#.#.>...#
<.......#.....#.#.....#.#.#.#####


You could see a white ugly thing and a hungry ghost.

Vanquished Creatures
  Grinder (D:3)
  A wyvern (D:6)
  2 ice beasts
  4 ogres
  2 phantoms
  Blork the orc (D:6)
  A bullfrog (D:6)
  A gnoll sergeant (D:6)
  2 scorpions
  2 howler monkeys (D:4)
  5 crimson imps
  A bullfrog zombie (D:5)
  A hound (D:5)
  A jelly (D:5)
  An orc priest (D:3)
  An iguana (D:6)
  A bullfrog skeleton (D:5)
  2 centaur skeletons
  Natasha (thrice) (D:2)
  4 orc wizards (D:4)
  3 worker ants
  A howler monkey zombie (D:5)
  6 gnolls (D:6)
  8 adders
  A shadow imp (D:5)
  An ooze (D:2)
  3 worms
  An adder skeleton (D:6)
  A dart slug (D:1)
  7 leopard geckos
  23 orcs
  2 ball pythons (D:2)
  6 giant cockroaches
  8 goblins
  7 hobgoblins
  14 jackals
  6 kobolds
  5 quokkas
  5 bats
  4 frilled lizards
  A jackal zombie (D:5)
  A quokka skeleton (D:4)
  10 rats
161 creatures vanquished.

Notes
Turn   | Place    | Note
-------+----------+-------------------------------------------
     0 | D:1      | hehateme the Ogre Berserker began the quest for the Orb.
     0 | D:1      | Reached XP level 1. HP: 24/24 MP: 1/1
   177 | D:1      | Reached XP level 2. HP: 25/32 MP: 2/2
  1041 | D:1      | Reached XP level 3. HP: 37/40 MP: 3/3
  1599 | D:2      | Reached ** piety under Trog
  1603 | D:2      | Found an iron altar of Okawaru.
  1612 | D:2      | Noticed Natasha
  1625 | D:2      | Killed Natasha
  1625 | D:2      | Reached XP level 4. HP: 26/49 MP: 4/4
  1734 | D:2      | Noticed Natasha
  1739 | D:2      | Killed Natasha
  1864 | D:2      | Noticed Natasha
  1877 | D:2      | Killed Natasha
  1877 | D:2      | Reached skill level 5 in Fighting
  1877 | D:2      | Reached XP level 5. HP: 17/57 MP: 5/5
  2393 | D:2      | Found a sparkling altar of Nemelex Xobeh.
  3053 | D:3      | Noticed Grinder
  3066 | D:3      | Killed Grinder
  3066 | D:3      | Reached skill level 5 in Axes
  3066 | D:3      | Reached XP level 6. HP: 67/67 MP: 6/6
  3645 | D:3      | Reached *** piety under Trog
  4298 | D:4      | Reached XP level 7. HP: 68/74 MP: 7/7
  4928 | D:3      | Reached skill level 1 in Stealth
  5324 | D:4      | Reached skill level 1 in Maces & Flails
  5388 | D:4      | Reached XP level 8. HP: 79/84 MP: 8/8
  5656 | D:5      | Entered Level 5 of the Dungeon
  6094 | D:4      | Reached skill level 2 in Maces & Flails
  6145 | D:4      | Reached skill level 3 in Maces & Flails
  6552 | D:5      | HP: 4/84 [giant cockroach (1)]
  6655 | D:5      | Reached skill level 4 in Maces & Flails
  7277 | D:5      | Reached skill level 5 in Maces & Flails
  7512 | D:5      | Found a bloodstained altar of Trog.
  7889 | D:5      | Found a glowing golden altar of the Shining One.
  7890 | D:5      | Found a shimmering altar of Xom.
  8018 | D:6      | Found an opulent altar of Gozag.
  8025 | D:6      | Found a shadowy altar of Dithmenos.
  8052 | D:6      | Noticed a wyvern
  8058 | D:6      | Killed a wyvern
  8058 | D:6      | Reached skill level 6 in Maces & Flails
  8058 | D:6      | Reached XP level 9. HP: 92/92 MP: 9/9
  8259 | D:6      | Reached skill level 7 in Maces & Flails
  8745 | D:6      | Reached **** piety under Trog
  8976 | D:6      | Noticed Blork the orc
  8996 | D:6      | Killed Blork the orc
  9247 | D:6      | Found Yxtaloock's Jewellery Shoppe.
  9255 | D:6      | Bought an uncursed ring of poison resistance for 220 gold
                  | pieces
  9712 | D:6      | Found a radiant altar of Vehumet.
  9715 | D:6      | Found a blossoming altar of Fedhas.
  9718 | D:6      | Found a bloodstained altar of Trog.
  9783 | D:6      | Reached skill level 8 in Maces & Flails
  9986 | D:7      | Noticed a white ugly thing
  9990 | D:6      | Slain by a white ugly thing

Illustrated notes

Levels and vault maps discovered:
D:1:      minmay_arrival_wavy_path, layout_rooms, serial_forest,
          infiniplex_forest_straight_4, infiniplex_forest_lined_3,
          infiniplex_forest_end_3, infiniplex_forest_lined_4_way,
          infiniplex_forest_lined_corner, infiniplex_forest_zigzag_1,
          infiniplex_forest_lined_room_3, infiniplex_forest_lined_room_3,
          infiniplex_forest_lined_1
D:2:      layout_basic, marbit_many_paths, nicolae_overflow_hidden_temple,
          uniq_natasha
D:3:      layout_rooms, first_ration, chequers_serial_rivers_micro_b,
          chequers_serial_rivers_large_a, kennysheep_decorative_pillar,
          uniq_grinder
D:4:      layout_basic
D:5:      layout_rooms, gammafunk_temple_overflow_wave,
          minmay_large_rounded_square, trog_butcher_becter
D:6:      layout_basic, grunt_temple_overflow_diamond,
          amethyst_overflow_temple_binary, serial_shops, shop,
          uniq_blork_the_orc
D:7:      layout_cave_pools, temple_statues, minmay_manual_mail, uniq_maggie

Skill      XL: |  1  2  3  4  5  6  7  8  9 |
---------------+----------------------------+-----
Dodging        | 3 4 |  4.6
Axes           | 4 5 6 |  6.6
Fighting       | 5 6 |  6.8
Stealth        | 1 |  1.0
Maces & Flails | 1 6 8 |  8.1

Action                   |  1- 3 |  4- 6 |  7- 9 || total
-------------------------+-------+-------+-------++-------
Melee: Hand axe          |   111 |   177 |    25 ||   313
       Giant spiked club |       |       |   295 ||   295
Invok: Trog's Hand       |       |     1 |     8 ||     9
       Berserk           |       |     1 |     9 ||    10
  Use: Scroll            |       |     2 |    10 ||    12
       Potion            |       |       |     4 ||     4
 Stab: Sleeping          |       |       |     1 ||     1
  Eat: Chunk             |     2 |    10 |    10 ||    22
       Ration            |       |       |     6 ||     6
Armor: Animal skin       |    31 |    12 |       ||    43
       Robe              |       |    20 |   101 ||   121
Dodge: Dodged            |    68 |   102 |   309 ||   479
